 Dungeon Crawl Stone Soup version 0.31.0-11-ge490571c62 (webtiles) character file.

Game seed: 18286718082763034097

18 qw the Shooter (level 2, -2/16 HPs)
             Began as a Deep Elf Hunter on Feb 3, 2024.
             Slain by Terence
             ... wielding a +0 mace
              (8 damage)
             ... on level 2 of the Dungeon.
             The game lasted 00:00:02 (919 turns).

qw the Shooter (Deep Elf Hunter)                     Turns: 919, Time: 00:00:02

Health: -2/16      AC:  5    Str:  8    XL:     2   Next: 51%
Magic:  4/4        EV: 17    Int: 13    God:
Gold:   66         SH:  0    Dex: 18    Spells: 1/1 levels left

rFire   . . .        a - +0 shortbow
rCold   . . .        (shield currently unavailable)
rNeg    . . .        c - +0 leather armour
rPois   .            e - +1 helmet
rElec   .            (no cloak)
rCorr   .            (no gloves)
SInv    .            (no boots)
Will    .....        (no amulet)
Stlth   ++           h - +5 ring of evasion
HPRegen 0.22/turn    (no ring)
MPRegen 0.09/turn

%: no passive effects
@: no status effects
A: no striking features
a: no special abilities


You were on level 2 of the Dungeon.
You visited 1 branch of the dungeon, and saw 2 of its levels.

You collected 66 gold pieces.


   Skills:
 - Level 1.5 Fighting
 + Level 6.3 Ranged Weapons
 - Level 2.4 Dodging
 - Level 1.2 Stealth


You had one spell level left.
You didn't know any spells.
Your spell library was empty.

Inventory:

Hand Weapons
 a - a +0 shortbow (weapon)
Armour
 c - a +0 leather armour (worn)
 e - a +1 helmet (worn)
Jewellery
 h - a +5 ring of evasion (left hand)
Scrolls
 d - 2 scrolls of identify
 f - 2 scrolls of teleportation
Potions
 b - a potion of curing {unknown}

Dungeon Overview and Level Annotations

Branches:
Dungeon (2/15)

Altars:

Shops:
D:1 :*=

Annotations:
D:2 Terence


Message History

The stream of webbing misses you.
You shoot an arrow. The arrow hits the ribbon worm.
The ribbon worm is heavily wounded.
The ribbon worm closely misses you.
You shoot an arrow. The arrow hits the ribbon worm.
The ribbon worm is severely wounded.
The ribbon worm closely misses you.
You shoot an arrow. The arrow hits the ribbon worm.
The ribbon worm is severely wounded.
You shoot an arrow. The arrow hits the ribbon worm.
You kill the ribbon worm!
You shoot an arrow.
The arrow hits Terence but does no damage.
Terence is moderately wounded.
Terence barely misses you.
You shoot an arrow. The arrow closely misses Terence.
Terence closely misses you. Terence hits you with a +0 mace!
You shoot an arrow.
The arrow hits Terence but does no damage.
Terence is moderately wounded.
Terence hits you with a +0 mace.
You shoot an arrow.
The arrow hits Terence but does no damage.
Terence is moderately wounded.
Terence says, "Did you write a will?
You should..."
Terence hits you but does no damage.
You shoot an arrow. The arrow hits Terence!
Terence is severely wounded.
Terence barely misses you.
You shoot an arrow.
The arrow hits Terence but does no damage.
Terence is severely wounded.
Terence hits you with a +0 mace.
You shoot an arrow. The arrow closely misses Terence.
Terence hits you with a +0 mace.
You shoot an arrow. The arrow closely misses Terence.
Terence hits you with a +0 mace!
Ouch! That really hurt!
You die...
Terence says, "Time to find some more victims."

.... ...
#.#
##.#####.#
.........#
##.?.....#
#.#####<#
#.# #@#
#@# ...
.#### #. .
#. #


You could see Terence.

Vanquished Creatures
  A dart slug (D:1)
  A ribbon worm (D:2)
  An endoplasm (D:1)
  A giant cockroach (D:1)
  A hobgoblin (D:1)
  2 jackals (D:1)
  2 kobolds (D:1)
  A ball python (D:1)
  A bat (D:1)
  A frilled lizard (D:1)
  3 rats (D:1)
15 creatures vanquished.

Notes
Turn   | Place    | Note
-------+----------+-------------------------------------------
     0 | D:1      | qw the Deep Elf Hunter began the quest for the Orb.
     0 | D:1      | Reached XP level 1. HP: 12/12 MP: 3/3
     0 | D:1      | 0 ||| qw: Version: 0.3-a-158-g18b3111
     0 | D:1      | 0 ||| qw: Game counter: 4085
     0 | D:1      | 0 ||| qw: Melee chars always use a shield: true
     0 | D:1      | 0 ||| qw: God list: Okawaru
     0 | D:1      | 0 ||| qw: Allow faded altars: false
     0 | D:1      | 0 ||| qw: Do Orc after clearing Dungeon:15 true
     0 | D:1      | 0 ||| qw: Do second Lair branch before Depths: true
     0 | D:1      | 0 ||| qw: Lair rune preference: random
     0 | D:1      | 0 ||| qw: Goals: Normal
     0 | D:1      | 0 ||| PLANNING D:1-11
    74 | D:1      | Found Ewuczono's Jewellery Emporium.
    84 | D:1      | 84 ||| SHOPLISTING +6 ring of strength (468 gold, have 15).
    84 | D:1      | 84 ||| SHOPLISTING amulet of guardian spirit (390 gold,
                  | have 15).
    84 | D:1      | 84 ||| SHOPLISTING amulet of regeneration (390 gold, have
                  | 15).
    84 | D:1      | 84 ||| SHOPLISTING ring of resist corrosion (260 gold, have
                  | 15).
    84 | D:1      | 84 ||| SHOPLISTING ring of willpower (325 gold, have 15).
   321 | D:1      | Found Reif's Antique Weapon Shop.
   355 | D:1      | Reached XP level 2. HP: 16/16 MP: 4/4
   425 | D:1      | Found Cubran's General Store.
   433 | D:1      | 433 ||| SHOPLISTING +0 leather armour of Poblyxo {^Contam
                  | rElec Str+3} (183 gold, have 35).
   433 | D:1      | 433 ||| SHOPLISTING +0 pair of gloves (49 gold, have 35).
   433 | D:1      | 433 ||| SHOPLISTING 2 potions of curing (66 gold, have 35).
   433 | D:1      | 433 ||| SHOPLISTING 2 potions of enlightenment (110 gold,
                  | have 35).
   433 | D:1      | 433 ||| SHOPLISTING wand of flame (27) (207 gold, have 35).
   444 | D:1      | Reached skill level 6 in Ranged Weapons
   500 | D:1      | Found Ganeac's Book Boutique.
   854 | D:1      | 854 ||| UPGRADING to +0 helmet.
   859 | D:1      | 859 ||| UPGRADING to +5 ring of evasion.
   860 | D:1      | 860 ||| READING 4 scrolls labelled ENO FEKEYDGHE.
   860 | D:1      | 860 ||| IDENTIFYING scroll labelled QEEHA OR INI
   861 | D:1      | 861 ||| READING scroll of enchant armour.
   861 | D:1      | 861 ||| ENCHANTING +0 helmet.
   862 | D:1      | 862 ||| READING 3 scrolls of identify.
   862 | D:1      | 862 ||| IDENTIFYING 2 scrolls labelled ECASUU JOLYNT
   863 | D:1      | 863 ||| DROPPING scroll of butterflies.
   904 | D:2      | Noticed Terence
   919 | D:2      | Slain by Terence

Levels and vault maps discovered:
D:1:      mrwooster_arrival_statue_2, layout_basic, serial_shops,
          nicolae_diamond_shop, shop, shop, shop, minmay_tetromino_s4
D:2:      layout_loops_ring, shapermc_ecumenical_altar_mp_ritualfount,
          uniq_terence

Skill      XL: |  1  2 |
---------------+-------+-----
Ranged Weapons | 6 |  6.3
Fighting       | |  1.5
Dodging        | |  2.4
Stealth        | |  1.2

Action                     || total
---------------------------++-------
   Fire: Shortbow          ||    50
    Use: Scroll            ||     3
 Armour: Leather armour    ||    13
  Dodge: Dodged            ||    16

Table legend:
 A = Non-vault XP
 B = Vault XP
 C = Vault XP percentage of total XP
 D = Non-vault monster count
 E = Vault monster count
 F = Vault count percentage of total count
                 A         B        C        D         E       F
            +---------+---------+-------+---------+---------+-------
      Total |      25 |       2 |   7.4 |      14 |       1 |   6.7
            +---------+---------+-------+---------+---------+-------
        D:1 |      21 |       2 |   8.7 |      13 |       1 |   7.1
        D:2 |       4 |       0 |   0.0 |       1 |       0 |   0.0
            +---------+---------+-------+---------+---------+-------
